AoeStats
← Mithridates VI.

Lombardia

509734674Analyzed
4v4 RM · 3d ago on Sep 27, 2026· 50m 26s· 8 players
Game mode
Random Map
Map size
Large (8 player)
Population
200
Speed
Normal
Resources
Standard
Victory
Conquest
Starting age
Dark Age
Ending age
Imperial Age
RankedLock teamsTeams togetherTeam positionsShared explorationLock speedFull tech treeHidden civsTurbo modeCheats
Victory
Defeat
🇬🇧 Britons · United Kingdom
889
+16
🇧🇷 Hindustanis · Brazil
850
+18
🇭🇺 Romans · Hungary
840
+18
🇩🇪 Franks · Germany
805
+19
🇩🇪 Vietnamese · Germany
914
-19
🇩🇪 Gurjaras · Germany
912
-19
🇩🇪 Varangians · Germany
875
-17
🇩🇪 Gurjaras · Germany
850
-16
benjaminvilmos
1:21 Loom
15:55 Feudal Age
17:03 Horse Collar
17:11 Double-Bit Axe
23:23 Castle Age
28:29 Heavy Plow
28:42 Bow Saw
28:39 Gold Mining
28:40 Stone Mining
30:10 Gold Shaft Mining
31:30 Caravan
32:46 Wheelbarrow
31:59 Town Watch
35:32 Imperial Age
34:12 Hand Cart
35:42 Man-at-Arms
36:26 Squires
37:00 Long Swordsman
38:11 Forging
37:56 Legionary
39:29 Crop Rotation
40:14 Iron Casting
39:39 Scale Mail Armor
39:45 Scale Barding Armor
39:27 Capped Ram
41:06 Conscription
41:36 Comitatenses
42:35 Blast Furnace
41:57 Chain Mail Armor
41:20 Siege Ram
42:53 Ballistas
43:32 Bloodlines
43:23 Husbandry
Hannibal Barca
12:16 Feudal Age
14:06 Double-Bit Axe
14:50 Stone Mining
17:04 Castle Age
15:33 Horse Collar
25:18 Bow Saw
25:03 Loom
27:37 Heavy Plow
27:51 Gold Mining
28:51 Wheelbarrow
28:02 Town Watch
30:01 Gold Shaft Mining
29:05 Pikeman
30:08 Fortified Wall
30:09 Masonry
30:23 Ballistics
30:33 Fletching
34:20 Imperial Age
32:14 Hand Cart
34:02 Caravan
34:44 Yeomen
34:23 Bodkin Arrow
34:29 Scale Mail Armor
34:32 Squires
36:05 Two-Man Saw
35:36 Conscription
35:53 Hoardings
35:44 Elite Longbowman
37:14 Halberdier
38:48 Ballistics
39:29 Chemistry
39:04 Architecture
39:33 Bracer
39:49 Chain Mail Armor
39:35 Padded Archer Armor
39:45 Forging
45:55 Warwolf
46:33 Plate Mail Armor
46:19 Leather Archer Armor
46:39 Iron Casting
46:19 Siege Engineers
46:27 Careening
45:57 Treadmill Crane
kHaNbHaI
11:20 Feudal Age
12:12 Double-Bit Axe
19:58 Castle Age
20:05 Stone Mining
20:53 Bow Saw
24:17 Wheelbarrow
23:50 Gold Mining
24:16 Forging
24:06 Scale Mail Armor
24:50 Town Watch
25:51 Town Patrol
28:03 Hand Cart
28:26 Husbandry
28:23 Loom
34:30 Imperial Age
32:47 Iron Casting
32:28 Chain Mail Armor
32:19 Scale Barding Armor
32:04 Fletching
33:02 Gold Shaft Mining
36:00 Conscription
35:54 Squires
35:20 Pikeman
38:15 Hoardings
37:42 Chivalry
38:16 Cavalier
39:22 Caravan
40:40 Blast Furnace
40:12 Plate Mail Armor
40:03 Chain Barding Armor
39:36 Paladin
39:42 Halberdier
44:33 Bodkin Arrow
45:14 Plate Barding Armor
49:28 Ballistics
50:09 Chemistry
49:17 Siege Engineers
49:08 Murder Holes
49:24 Masonry
48:55 Treadmill Crane
pedroneto1101
9:45 Feudal Age
10:14 Double-Bit Axe
10:47 Horse Collar
12:58 Loom
13:50 Wheelbarrow
18:48 Castle Age
17:01 Forging
16:52 Scale Mail Armor
17:00 Scale Barding Armor
17:18 Stone Mining
17:20 Gold Mining
20:55 Stone Shaft Mining
20:23 Heavy Plow
21:07 Gold Shaft Mining
23:20 Bow Saw
29:22 Hand Cart
28:54 Town Watch
29:37 Murder Holes
30:41 Iron Casting
30:27 Chain Barding Armor
32:42 Grand Trunk Road
34:52 Husbandry
35:03 Bloodlines
37:28 Imperial Age
34:59 Town Patrol
37:50 Heavy Camel Rider
39:32 Blast Furnace
39:07 Plate Barding Armor
40:08 Ballistics
40:49 Chemistry
39:59 Fortified Wall
40:00 Masonry
39:42 Fletching
39:52 Padded Archer Armor
40:03 Imperial Camel Rider
40:47 Scale Mail Armor
42:44 Two-Man Saw
42:01 Careening
46:07 Shatagni
46:28 Conscription
45:29 Elite Ghulam
48:10 Caravan
Chasen Statham
0:52 Loom
11:35 Feudal Age
13:15 Wheelbarrow
12:27 Double-Bit Axe
12:38 Town Watch
14:17 Horse Collar
15:26 Stone Mining
16:57 Scale Barding Armor
21:12 Castle Age
19:55 Gold Mining
21:22 Bloodlines
21:53 Forging
21:35 Fletching
22:17 Bow Saw
23:10 Heavy Plow
24:04 Husbandry
24:35 Masonry
26:38 Hand Cart
28:14 Iron Casting
28:20 Fervor
29:38 Chain Barding Armor
33:58 Imperial Age
33:06 Bodkin Arrow
33:20 Treadmill Crane
36:11 Crop Rotation
36:18 Conscription
36:55 Stone Shaft Mining
38:37 Blast Furnace
38:48 Plate Barding Armor
38:59 Architecture
40:47 Bracer
41:12 Ballistics
41:00 Herbal Medicine
41:12 Elite Jarl
45:47 Chemistry
IAMFifaAddicted
7:26 Loom
12:59 Feudal Age
19:13 Castle Age
17:17 Double-Bit Axe
17:13 Horse Collar
17:27 Stone Mining
17:27 Gold Mining
21:54 Bow Saw
23:19 Wheelbarrow
24:04 Heavy Plow
25:30 Stone Mining
27:01 Bow Saw
30:50 Imperial Age
29:39 Scale Barding Armor
29:44 Forging
30:13 Bloodlines
31:06 Hand Cart
31:48 Gold Shaft Mining
32:22 Heavy Camel Rider
33:54 Conscription
33:42 Town Watch
34:41 Ballistics
35:06 Chain Barding Armor
35:21 Iron Casting
34:39 Fletching
35:27 Iron Casting
38:26 Husbandry
39:03 Plate Barding Armor
40:07 Caravan
40:59 Fletching
42:16 Crop Rotation
44:33 Chemistry
44:47 Elite Shrivamsha Rider
46:29 Scale Mail Armor
46:44 Kshatriyas
47:10 Light Cavalry
Rockefeller
12:44 Feudal Age
16:24 Castle Age
15:34 Horse Collar
15:41 Double-Bit Axe
16:10 Fletching
17:25 Bow Saw
17:18 Heavy Plow
17:28 Squires
19:05 Stone Mining
19:16 Gold Mining
20:59 Elite Skirmisher
22:05 Pikeman
23:35 Padded Archer Armor
23:31 Bodkin Arrow
24:44 Forging
24:35 Town Watch
25:36 Thumb Ring
27:42 Wheelbarrow
26:53 Loom
27:32 Masonry
28:20 Caravan
30:24 Hand Cart
31:55 Forging
31:45 Scale Mail Armor
31:08 Pikeman
31:52 Murder Holes
32:57 Leather Archer Armor
33:18 Iron Casting
35:19 Arson
36:29 Chain Mail Armor
40:06 Imperial Age
40:09 Halberdier
40:58 Bracer
44:14 Plate Mail Armor
44:30 Imperial Skirmisher
47:47 Ballistics
48:28 Chemistry
48:10 Siege Engineers
48:40 Ring Archer Armor
Mithridates VI.
12:50 Feudal Age
14:11 Double-Bit Axe
19:00 Castle Age
17:56 Gold Mining
20:22 Bow Saw
20:51 Gold Shaft Mining
22:31 Stone Mining
26:16 Stone Shaft Mining
29:40 Imperial Age
29:23 Wheelbarrow
31:28 Elite Shrivamsha Rider
33:30 Scale Barding Armor
34:01 Husbandry
36:26 Chain Barding Armor
36:24 Forging
37:05 Bloodlines
38:03 Plate Barding Armor
41:07 Horse Collar
Connection lost

Rejoining the realm…

Still unreachable

The connection could not be restored.

Session expired

The server has moved on; the page needs a fresh start.